% Time on Ice - PHOENIX MUSTANGS
Lines # - Real PCT - Wanted PCT - Time Play
Normal Forward
1 - 33% - 36% - 16:25
2 - 29% - 31% - 14:14
3 - 24% - 23% - 11:41
4 - 14% - 10% - 6:49
Normal Defense
1 - 35% - 36% - 17:25
2 - 34% - 31% - 16:55
3 - 26% - 23% - 12:38
4 - 4% - 10% - 2:11
PP Forward
1 - 56% - 55% - 3:23
2 - 44% - 45% - 2:40
PP Defense
1 - 51% - 55% - 3:06
2 - 49% - 45% - 2:57
PK Forward
1 - 59% - 55% - 2:21
2 - 41% - 45% - 1:37
PK Defense
1 - 45% - 55% - 1:48
2 - 55% - 45% - 2:10
PK3 Forward
1 - 0% - 55%
2 - 0% - 45%
PK3 Defense
1 - 0% - 55%
2 - 0% - 45%
44 Forward
1 - 0% - 55%
2 - 0% - 45%
44 Defense
1 - 0% - 55%
2 - 0% - 45%
Last Minute Offensive  - 0:00
Last Minute Defensive  - 0:50
Total
Forward - 60:00
Defense - 60:00
% Time on Ice - RENO LIONS
Lines # - Real PCT - Wanted PCT - Time Play
Normal Forward
1 - 36% - 36% - 17:48
2 - 31% - 31% - 15:16
3 - 23% - 23% - 11:06
4 - 10% - 10% - 5:05
Normal Defense
1 - 34% - 36% - 16:43
2 - 34% - 31% - 16:38
3 - 26% - 23% - 12:59
4 - 6% - 10% - 2:55
PP Forward
1 - 39% - 55% - 1:33
2 - 61% - 45% - 2:25
PP Defense
1 - 45% - 55% - 1:47
2 - 55% - 45% - 2:11
PK Forward
1 - 78% - 55% - 3:16
2 - 22% - 45% - 0:54
PK Defense
1 - 58% - 55% - 2:24
2 - 42% - 45% - 1:46
PK3 Forward
1 - 41% - 55% - 0:46
2 - 59% - 45% - 1:07
PK3 Defense
1 - 61% - 55% - 1:09
2 - 39% - 45% - 0:44
44 Forward
1 - 0% - 55%
2 - 0% - 45%
44 Defense
1 - 0% - 55%
2 - 0% - 45%
Last Minute Offensive  - 0:44
Last Minute Defensive  - 0:00
Total
Forward - 60:00
Defense - 60:00
Play-by-Play 1st period 0:01 of 1st period - Nicklas Backstrom wins face-off versus Elias Pettersson in neutral zone. 0:06 of 1st period - Shot by Nicklas Backstrom. 0:06 of 1st period - Deflect By Teuvo Teravainen. 0:06 of 1st period - Stopped by Thomas Greiss with a rebound. 0:14 of 1st period - Shot by Erik Karlsson. 0:14 of 1st period - Shot Blocked by Pierre-Luc Dubois. 0:16 of 1st period - Shot by Jesper Fast. 0:16 of 1st period - Stopped by Thomas Greiss without a rebound. 0:17 of 1st period - William Karlsson wins face-off versus Alexander Steen in RENO LIONS zone. 0:35 of 1st period - Shot by William Karlsson. 0:35 of 1st period - Shot Hit the Post. 0:37 of 1st period - Shot by Anders Lee. 0:37 of 1st period - Shot Blocked by Jonas Brodin. 0:39 of 1st period - Shot by Ryan Pulock. 0:39 of 1st period - Shot Misses the Net. 0:41 of 1st period - Shot by Anders Lee. 0:41 of 1st period - Stopped by Corey Crawford with a rebound. 1:27 of 1st period - Shot by Vincent Hinostroza. 1:27 of 1st period - Shot Misses the Net. 1:35 of 1st period - Shot by Leo Komarov. 1:35 of 1st period - Stopped by Corey Crawford without a rebound. 1:36 of 1st period - Elias Pettersson wins face-off versus Kevin Hayes in PHOENIX MUSTANGS zone. 1:36 of 1st period - Oscar Klefbom is hit by Fredrik Claesson and loses puck. 2:24 of 1st period - Jacob Trouba is hit by David Backes and loses puck. 2:45 of 1st period - Shot by Tomas Nosek. 2:45 of 1st period - Shot Hit the Post. 2:47 of 1st period - Shot by Jordie Benn. 2:47 of 1st period - Stopped by Corey Crawford without a rebound. 2:48 of 1st period - Chris Terry wins face-off versus Leo Komarov in PHOENIX MUSTANGS zone. 3:21 of 1st period - Shot by Christian Dvorak. 3:21 of 1st period - Shot Misses the Net. 3:24 of 1st period - Icing by Blake Coleman. 3:25 of 1st period - Nicklas Backstrom wins face-off versus Leo Komarov in RENO LIONS zone. 3:37 of 1st period - Icing by Jay Bouwmeester. 3:38 of 1st period - Tomas Nosek wins face-off versus Nicklas Backstrom in PHOENIX MUSTANGS zone. 3:53 of 1st period - Shot by Maxime Comtois. 3:53 of 1st period - Shot Blocked by Teuvo Teravainen. 3:56 of 1st period - Icing by Jonas Brodin. 3:57 of 1st period - Nicklas Backstrom wins face-off versus William Karlsson in PHOENIX MUSTANGS zone. 4:58 of 1st period - Shot by Jordan Greenway. 4:58 of 1st period - Stopped by Thomas Greiss with a rebound. 5:14 of 1st period - Kevin Hayes is hit by Ryan Pulock and loses puck. 7:02 of 1st period - Shot by T.J. Oshie. 7:02 of 1st period - Shot Misses the Net. 7:36 of 1st period - Christian Dvorak is hit by Jayce Hawryluk and loses puck. 7:42 of 1st period - Off-side. 7:43 of 1st period - Nicklas Backstrom wins face-off versus Tomas Nosek in neutral zone. 9:27 of 1st period - Ethan Bear is hit by David Backes and loses puck. 9:34 of 1st period - Shot by Kevin Hayes. 9:34 of 1st period - Stopped by Thomas Greiss without a rebound. 9:35 of 1st period - Elias Pettersson wins face-off versus Christian Dvorak in RENO LIONS zone. 11:00 of 1st period - Shot by Jesper Fast. 11:00 of 1st period - Stopped by Thomas Greiss with a rebound. 11:12 of 1st period - Shot by Teuvo Teravainen. 11:12 of 1st period - Stopped by Thomas Greiss without a rebound. 11:13 of 1st period - Andrew Copp wins face-off versus Maxime Comtois in RENO LIONS zone. 11:18 of 1st period - Shot by Alexander Steen. 11:18 of 1st period - Shot Hit the Post. 12:30 of 1st period - Shot by Pierre-Luc Dubois. 12:30 of 1st period - Shot Misses the Net. 12:32 of 1st period - Shot by Oscar Klefbom. 12:32 of 1st period - Shot Misses the Net. 13:18 of 1st period - Shot by Blake Coleman. 13:18 of 1st period - Shot Misses the Net. 13:20 of 1st period - Shot by Ethan Bear. 13:20 of 1st period - Shot Misses the Net. 13:27 of 1st period - Leo Komarov is hit by Drew Doughty and loses puck. 13:57 of 1st period - William Karlsson is hit by Erik Karlsson and loses puck. 14:05 of 1st period - Erik Karlsson is hit by Ryan Pulock and loses puck. 15:40 of 1st period - Shot by Elias Pettersson. 15:40 of 1st period - Stopped by Corey Crawford with a rebound. 15:50 of 1st period - Shot by Evgeny Dadonov. 15:50 of 1st period - Stopped by Corey Crawford without a rebound. 15:51 of 1st period - William Karlsson wins face-off versus Nicklas Backstrom in PHOENIX MUSTANGS zone. 15:52 of 1st period - Shot by Anders Lee. 15:52 of 1st period - Stopped by Corey Crawford without a rebound. 15:53 of 1st period - Nicklas Backstrom wins face-off versus William Karlsson in PHOENIX MUSTANGS zone. 15:58 of 1st period - Oscar Klefbom is hit by Jesper Fast and loses puck. 16:10 of 1st period - Anders Lee is hit by Erik Karlsson and loses puck. 16:13 of 1st period - Shot by Cam Atkinson. 16:13 of 1st period - Shot Blocked by Erik Karlsson. 16:31 of 1st period - Shot by Anders Lee. 16:31 of 1st period - Shot Hit the Post. 16:33 of 1st period - Shot by Anders Lee. 16:33 of 1st period - Shot Misses the Net. 16:35 of 1st period - Shot by Jacob Trouba. 16:35 of 1st period - Shot Misses the Net. 17:11 of 1st period - Elias Pettersson is hit by Drew Doughty and loses puck. 17:31 of 1st period - Pierre-Luc Dubois is hit by Erik Karlsson and loses puck. 17:33 of 1st period - Minor Penalty to Drew Doughty for Hooking. 17:34 of 1st period - Andrew Copp wins face-off versus William Karlsson in PHOENIX MUSTANGS zone. 17:34 of 1st period - Andrew Copp is hit by Cam Atkinson. 17:48 of 1st period - Shot by Oscar Klefbom. 17:48 of 1st period - Shot Misses the Net. 17:50 of 1st period - Shot by Oscar Klefbom. 17:50 of 1st period - Stopped by Corey Crawford without a rebound. 17:51 of 1st period - Elias Pettersson wins face-off versus Andrew Copp in PHOENIX MUSTANGS zone. 17:52 of 1st period - Shot by Pierre-Luc Dubois. 17:52 of 1st period - Shot Misses the Net. 17:54 of 1st period - Shot by Jacob Trouba. 17:54 of 1st period - Shot Blocked by Jonas Brodin. 17:56 of 1st period - Shot by Oliver Ekman-Larsson. 17:56 of 1st period - Shot Blocked by Jonas Brodin. 17:58 of 1st period - Shot by Elias Pettersson. 17:58 of 1st period - Stopped by Corey Crawford without a rebound. 17:59 of 1st period - Jordan Greenway wins face-off versus William Karlsson in PHOENIX MUSTANGS zone. 18:50 of 1st period - Icing by Anders Lee. 18:51 of 1st period - Andrew Copp wins face-off versus Anders Lee in RENO LIONS zone. 19:28 of 1st period - Elias Pettersson is hit by Jordan Greenway and loses puck. Goals for this period are 0 for PHOENIX MUSTANGS vs 0 for RENO LIONS. Shots for this period are 6 for PHOENIX MUSTANGS vs 8 for RENO LIONS. 2nd period 0:01 of 2nd period - Elias Pettersson wins face-off versus Kevin Hayes in neutral zone. 0:32 of 2nd period - Shot by Jordan Greenway. 0:32 of 2nd period - Deflect By Kevin Hayes. 0:32 of 2nd period - Stopped by Thomas Greiss without a rebound. 0:33 of 2nd period - Andrew Copp wins face-off versus William Karlsson in RENO LIONS zone. 0:35 of 2nd period - Clayton Keller is hit by Ryan Pulock and loses puck. 0:59 of 2nd period - Clayton Keller is hit by Oliver Ekman-Larsson. 1:11 of 2nd period - Shot by Alexander Steen. 1:11 of 2nd period - Shot Misses the Net. 1:22 of 2nd period - Icing by Anders Lee. 1:23 of 2nd period - William Karlsson wins face-off versus Nicklas Backstrom in RENO LIONS zone. 1:43 of 2nd period - Icing by Ryan Pulock. 1:44 of 2nd period - Kevin Hayes wins face-off versus William Karlsson in RENO LIONS zone. 2:02 of 2nd period - Off-side. 2:03 of 2nd period - Nicklas Backstrom wins face-off versus Elias Pettersson in neutral zone. 2:03 of 2nd period - Nicklas Backstrom is hit by Elias Pettersson. 2:11 of 2nd period - Elias Pettersson is hit by Drew Doughty and loses puck. 2:16 of 2nd period - Shot by Pierre-Luc Dubois. 2:16 of 2nd period - Shot Misses the Net. 2:44 of 2nd period - Shot by Elias Pettersson. 2:44 of 2nd period - Stopped by Corey Crawford without a rebound. 2:45 of 2nd period - Andrew Copp wins face-off versus Leo Komarov in PHOENIX MUSTANGS zone. 2:45 of 2nd period - Andrew Copp is hit by Leo Komarov. 2:46 of 2nd period - Minor Penalty to Blake Coleman for Tripping. 2:47 of 2nd period - Andrew Copp wins face-off versus Vincent Hinostroza in RENO LIONS zone. 2:50 of 2nd period - Shot by Clayton Keller. 2:50 of 2nd period - Stopped by Thomas Greiss without a rebound. 2:51 of 2nd period - Andrew Copp wins face-off versus Vincent Hinostroza in RENO LIONS zone. 4:09 of 2nd period - Shot by Erik Karlsson. 4:09 of 2nd period - Stopped by Thomas Greiss without a rebound. 4:10 of 2nd period - Elias Pettersson wins face-off versus Jesper Fast in RENO LIONS zone. 4:35 of 2nd period - Shot by Erik Karlsson. 4:35 of 2nd period - Stopped by Thomas Greiss without a rebound. 4:36 of 2nd period - Andrew Copp wins face-off versus Elias Pettersson in RENO LIONS zone. 5:09 of 2nd period - Shot by Jayce Hawryluk. 5:09 of 2nd period - Stopped by Corey Crawford without a rebound. 5:10 of 2nd period - Kevin Hayes wins face-off versus Elias Pettersson in PHOENIX MUSTANGS zone. 5:52 of 2nd period - Shot by Kevin Hayes. 5:52 of 2nd period - Stopped by Thomas Greiss without a rebound. 5:53 of 2nd period - Andrew